Map: 国王藏宝地-天梯版

Players

MaSa - Winner!

  • Race: Terran Terran
  • League: Gold

Harstem

  • Race: Protoss Protoss

Event: WESG 2018 Grand Finals

VOD

Have the link to the VOD?

Description

Time

  • Played on: March 11, 2019, 4:24 a.m.
  • Length: 10:05

All games in this series

Show
View Real Time Build Order
Export as new Build Order

MaSa Terran - Winner!

Build Orders: Banshee Rush 

Get SALT Encoding   

  12  0:01  SCV  
  13  0:13  SCV  
  14  0:17  Supply Depot  
  14  0:25  SCV  
  15  0:39  Barracks, SCV  
  16  0:44  Refinery  
  16  0:51  SCV  
  17  1:03  SCV  
  18  1:15  SCV  
  19  1:27  Orbital Command, Marine  
  20  1:45  Command Center  
  20  1:46  Barracks Reactor  
  20  1:54  SCV  
  21  2:01  Supply Depot  
  21  2:06  SCV  
  22  2:11  Factory  
  22  2:18  SCV  
  22  2:22  Refinery  
  23  2:24  Marine x2  
  25  2:33  SCV  
  26  2:42  Marine x2  
  27  2:48  SCV  
  28  2:54  Starport  
  28  2:55  Widow Mine  
  30  2:58  Orbital Command  
  30  3:02  SCV  
  31  3:06  Marine  
  31  3:09  Marine  
  33  3:15  SCV  
  33  3:16  Factory Tech Lab  
  34  3:24  Marine  
  34  3:25  SCV  
  37  3:27  SCV  
  37  3:31  Marine  
  38  3:37  SCV  
  38  3:38  Banshee  
  38  3:39  Cloaking Field  
  42  3:42  Factory Tech Lab  
  42  3:44  SCV  
  43  3:48  Supply Depot  
  43  3:49  Marine  
  43  3:52  Marine  
  43  3:53  SCV  
  46  4:10  Siege Tank, SCV x2  
  46  4:11  Supply Depot  
  46  4:15  Marine  
  46  4:16  Marine  
  53  4:22  SCV  
  54  4:24  Supply Depot  
  54  4:29  Supply Depot  
  54  4:33  Banshee, SCV  
  54  4:35  SCV  
  54  4:36  Marine x2  
  61  4:41  Supply Depot  
  61  4:45  SCV  
  62  4:46  Siege Tank  
  62  4:51  SCV  
  66  4:58  Command Center  
  66  4:59  SCV  
  67  5:03  Marine, SCV  
  69  5:11  SCV  
  70  5:15  SCV  
  71  5:23  SCV  
  71  5:25  Barracks  
  71  5:26  Barracks  
  71  5:27  SCV, Factory Reactor  
  70  5:31  Starport Reactor  
  70  5:33  Marine x2  
  70  5:35  SCV  
  70  5:40  SCV  
  71  5:47  SCV  
  71  5:51  Marine x2  
  71  5:52  SCV  
  71  5:55  Refinery  
  71  5:56  Engineering Bay, Refinery  
  74  5:59  SCV  
  74  6:02  Bunker  
  74  6:04  SCV  
  76  6:09  Marine x2  
  77  6:11  SCV  
  77  6:15  SCV  
  77  6:16  SCV  
  76  6:21  Barracks, Widow Mine x2  
  76  6:22  Barracks  
  76  6:24  Liberator, SCV  
  77  6:27  Marine  
  77  6:28  SCV  
  77  6:30  Terran Infantry Weapons Level 1  
  79  6:35  SCV  
  79  6:36  SCV  
  79  6:39  Marauder, Marine x2  
  85  6:40  SCV  
  85  6:41  Medivac  
  91  6:47  Marine  
  91  6:48  SCV  
  91  6:49  Widow Mine x2  
  91  6:52  SCV  
  98  6:57  Marauder  
  98  7:00  SCV  
  98  7:01  Supply Depot  
  101  7:03  Supply Depot  
  101  7:04  Marine  
  101  7:06  SCV  
  100  7:09  Marauder  
  100  7:10  Barracks Reactor, Marine, Barracks Tech Lab  
  100  7:15  Stimpack  
  101  7:22  SCV x2  
  105  7:23  Marauder, Marine  
  105  7:26  Medivac, Supply Depot x2  
  109  7:30  Marauder  
  109  7:32  Marauder  
  109  7:33  Combat Shield  
  109  7:35  SCV  
  114  7:37  SCV  
  114  7:40  Orbital Command  
  114  7:42  Refinery  
  114  7:43  Refinery  
  114  7:46  Marauder, Marine  
  114  7:47  Marine  
  118  7:51  SCV  
  118  7:53  Marine  
  118  7:54  Marauder, Marine  
  118  7:55  SCV  
  121  7:58  Supply Depot  
  121  8:02  Armory  
  121  8:03  Engineering Bay, SCV  
  121  8:06  Marine x2  
  121  8:07  Marauder  
  121  8:08  Supply Depot  
  121  8:09  SCV  
  121  8:10  SCV  
  127  8:15  SCV  
  127  8:16  Marauder  
  129  8:21  Supply Depot  
  129  8:22  Marauder, SCV  
  129  8:25  Medivac  
  129  8:26  Marine, SCV  
  133  8:29  SCV  
  134  8:34  Marine, SCV, Supply Depot  
  134  8:35  Supply Depot  
  134  8:36  Marauder  
  134  8:41  SCV x2, Supply Depot  
  139  8:46  SCV  
  141  8:54  Command Center  
  141  8:58  Medivac  
  141  9:00  Marauder  
  145  9:03  Marauder, Marine  
  145  9:07  Marine x2  
  145  9:08  Marauder  
  152  9:12  Marine  
  152  9:13  SCV  
  152  9:16  SCV  
  147  9:19  Widow Mine x2  
  147  9:20  Marine  
  147  9:21  Medivac, Marauder  
  156  9:24  Marine  
  156  9:25  Marine  
  156  9:27  Marine  
  156  9:29  Marauder  
  156  9:30  Marine, SCV  
  156  9:31  SCV  
  155  9:38  Marine  
  155  9:41  SCV  
  155  9:42  Marauder  
  155  9:43  Marauder, Marine  
  155  9:45  Marine  
  144  9:52  SCV x2  
Show
View Real Time Build Order
Export as new Build Order

Harstem Protoss 

Build Orders: 1 Gate Expand, Oracle Opening, Blink Stalkers 

Get SALT Encoding   

  12  0:00  Probe  
  13  0:13  Probe  
  14  0:18  Pylon  
  14  0:24  Probe  
  15  0:32  Probe  
  15  0:37  Gateway  
  15  0:40  Probe  
  16  0:47  Assimilator  
  17  0:51  Probe  
  18  1:03  Probe  
  19  1:15  Probe  
  20  1:23  Nexus  
  20  1:33  Cybernetics Core  
  20  1:36  Probe  
  21  1:42  Assimilator  
  21  1:48  Probe  
  21  1:51  Pylon  
  22  2:00  Adept, Probe  
  23  2:12  Probe  
  25  2:23  Stargate  
  25  2:24  Probe  
  26  2:30  Adept  
  26  2:32  Probe  
  26  2:33  Probe  
  26  2:36  Warp Gate  
  30  2:40  Probe  
  30  2:41  Probe  
  30  2:50  Probe  
  30  2:51  Probe  
  32  2:56  Oracle  
  34  3:02  Probe  
  34  3:03  Probe  
  39  3:14  Probe  
  39  3:15  Probe  
  41  3:21  Twilight Council  
  41  3:24  Pylon  
  41  3:26  Probe  
  42  3:28  Probe  
  42  3:31  Gateway  
  42  3:33  Gateway  
  43  3:38  Probe, Blink  
  43  3:40  Adept  
  46  3:51  Probe  
  47  3:57  Probe  
  48  4:05  Probe, Phoenix  
  49  4:15  Probe  
  49  4:16  Shield Battery  
  52  4:18  Nexus  
  52  4:20  Pylon, Probe  
  53  4:28  Probe  
  53  4:30  Assimilator  
  54  4:38  Probe  
  55  4:40  Probe  
  55  4:43  Stalker  
  55  4:44  Stalker x2  
  62  4:46  Pylon  
  62  4:50  Forge  
  62  4:58  Pylon  
  62  5:04  Probe x2  
  62  5:06  Stalker  
  66  5:11  Stalker x2  
  67  5:16  Probe  
  67  5:18  Probe  
  68  5:24  Pylon  
  68  5:32  Stalker  
  68  5:35  Protoss Ground Armor Level 1  
  62  5:36  Stalker x2  
  62  5:38  Probe x2  
  62  5:39  Probe  
  67  5:45  Charge  
  67  5:50  Probe x2  
  67  5:52  Probe  
  67  5:56  Stalker  
  72  6:00  Zealot x2  
  72  6:02  Probe  
  72  6:03  Probe  
  72  6:04  Probe  
  79  6:05  Pylon  
  58  6:18  Probe  
  58  6:19  Probe  
  58  6:22  Stalker x3  
  55  6:40  Stalker, Gateway  
  55  6:41  Stalker  
  55  6:44  Gateway x2  
  55  6:46  Probe  
  56  6:48  Probe  
  56  6:52  Stalker  
  59  6:56  Oracle  
  61  7:03  Probe  
  62  7:10  Stalker x2  
  62  7:14  Probe  
  67  7:20  Protoss Ground Armor Level 2  
  67  7:29  Zealot  
  69  7:31  Pylon  
  69  7:39  Zealot x2, Sentry  
  69  7:40  Zealot  
  69  7:42  Pylon  
  77  7:45  Pylon  
  77  7:58  Pylon  
  76  8:12  Robotics Facility  
  72  8:13  Zealot x5  
  83  8:27  Probe  
  83  8:28  Nexus  
  83  8:29  Probe  
  83  8:31  Pylon  
  84  8:36  Dark Shrine  
  84  8:39  Probe  
  84  8:40  Zealot x3  
  91  8:51  Pylon  
  91  8:52  Probe  
  91  8:55  Zealot x3  
  98  9:07  Robotics Bay, Observer  
  93  9:13  Probe  
  93  9:16  Probe  
  94  9:23  Stalker  
  96  9:30  Stalker x2  
  97  9:32  Stalker  
  97  9:35  Probe  
  98  9:40  Observer  
  98  9:42  Sentry  
  98  9:44  Probe  
  98  9:45  Probe  
  85  9:47  Probe  
  85  9:52  Zealot  
  68  10:02  Zealot x2  
Tags
 
Add a new tag
Caveats
  • Supply blocks, unpowered buildings, or Contaminate may cause inaccurate times.
  • Supply counts are checked every 10 seconds.